 Dungeon Crawl Stone Soup version 0.25.1-8-g42b30a86e7 (webtiles) character file.

Game seed: 14558800613111205320

3022 hawla the Destroyer (level 9, -11/62 HPs)
             Began as a Purple Draconian Wizard on Dec 18, 2020.
             Was a Follower of Ashenzari.
             Mangled by Harold
             ... wielding a +0 battleaxe
              (21 damage)
             ... on level 8 of the Dungeon.
             The game lasted 00:52:52 (15215 turns).

hawla the Destroyer (Purple Draconian Wizard)      Turns: 15215, Time: 00:52:53

Health: -11/62     AC:  8    Str: 12    XL:     9   Next: 55%
Magic:  1/21       EV: 27    Int: 21    God:    Ashenzari [*.....]
Gold:   314        SH:  0    Dex: 12    Spells: 16/25 levels left

rFire    + . .     SeeInvis .   n - +4 dagger
rCold    . . .     Gourm    .   (no shield)
rNeg     . . .     Faith    .   (armour unavailable)
rPois    +         Spirit   .   a - +1 hat (curse)
rElec    .         Reflect  .   (no cloak)
rCorr    .         Harm     .   (no gloves)
MR       +....     Rnd*Rage +   (no boots)
Stlth    +++.......             b - amulet of the acrobat
HPRegen  0.20/turn              i - ring of stealth (curse)
MPRegen  0.17/turn              k - ring of protection from fire (curse)

@: short of breath, marked, acrobat, lightly drained
A: breathe power, unfitting armour, fangs 1, agile 1, berserk 1, poison
resistance, strong 1, cold-blooded, AC +7
a: Breathe Dispelling Energy, Curse Item, Scrying, Renounce Religion


You were on level 8 of the Dungeon.
You worshipped Ashenzari.
Ashenzari was aware of your devotion.
You were very hungry.

You visited 2 branches of the dungeon, and saw 9 of its levels.

You collected 329 gold pieces.
You spent 15 gold pieces at shops.

Inventory:

Hand Weapons
 h - a +0 quarterstaff
 n - a +4 dagger (weapon)
Missiles
 e - 14 boomerangs (quivered)
Armour
 a - a cursed +1 hat (worn)
Jewellery
 b - an amulet of the acrobat (around neck)
 i - a cursed ring of stealth (left hand)
 k - a cursed ring of protection from fire (right hand)
 q - a +4 ring of evasion
 t - an uncursed ring of poison resistance
Wands
 s - a wand of random effects (2)
Scrolls
 f - a scroll of enchant armour
 j - 2 scrolls of identify
 l - a scroll of magic mapping
 m - a scroll of vulnerability
 o - a scroll of enchant weapon
 p - a scroll of fog
Comestibles
 c - 9 rations


   Skills:
 - Level 1.7(1.5) Dodging
 - Level 1.7(1.5) Stealth
 + Level 8.7(8.4) Spellcasting
 * Level 9.4(9.1) Conjurations
   Level 1.0(0.7) Summonings
 - Level 1.0(0.7) Translocations
 - Level 3.8(3.5) Fire Magic
 - Level 3.0(2.7) Air Magic
 - Level 3.0(2.7) Poison Magic


You had 16 spell levels left.
You knew the following spells:

 Your Spells              Type           Power        Failure   Level  Hunger
a - Magic Dart            Conj           ####         1%          1    None
b - Blink                 Tloc           N/A          9%          2    None
c - Mephitic Cloud        Conj/Pois/Air  ####....     3%          3    None
d - Conjure Flame         Conj/Fire      #####...     1%          3    None

Your spell library contained the following spells:

 Spells                   Type           Power        Failure   Level  Hunger
 Call Imp                 Summ           ##......     9%          2    None
 Slow                     Hex            #.......     12%         2    None


Dungeon Overview and Level Annotations

Branches:
Dungeon (8/15)             Temple (1/1) D:7
   Lair: D:8-11

Altars:
Ashenzari
Dithmenos
Elyvilon
Fedhas
Gozag
Hepliaklqana
Kikubaaqudgha
Makhleb
Nemelex Xobeh
Okawaru
Qazlal
Ru
Sif Muna
Trog
Uskayaw
Vehumet
Wu Jian
Xom
Yredelemnul
Zin
The Shining One

Shops:
D:3 *   D:5 !}

Annotations:
D:5 Prince Ribbit
D:8 Harold


Innate Abilities, Weirdness & Mutations

You can breathe bolts of dispelling energy.
Your rich purple scales are hard. (AC +7)
You cannot fit into any form of body armour.
You are cold-blooded and may be slowed by cold attacks.
You have very sharp teeth.
You are agile. (Dex +2)
You tend to lose your temper in combat.
Your system is resistant to poisons. (rPois)
Your muscles are strong. (Str +2)


Message History

The sentinel's mark upon you fades away.
Something closely misses you. The orc misses you.
The orc priest hits you with a +0 short sword.
The wight completely misses you. The wight completely misses you.
You hear some strange, mumbled words.
A sentinel's mark forms upon you. The orc closely misses you.
The orc priest misses you.
The orc wizard seems less confused.
The wight misses you. The wight completely misses you. Something misses you.
The orc priest looks encouraged for a moment.
The orc barely misses you.
The wight hits you with a +0 dire flail.
* * * LOW HITPOINT WARNING * * *
You feel drained.
* * * LOW HITPOINT WARNING * * *
The wight hits you with a cursed +5 dagger.
* * * LOW HITPOINT WARNING * * *
The orc priest closely misses you. Something hits you!!
You die...

#. #. .
##.###########
....##.....##..o@z##
...#..........oz{o##
#c.............Wo..#
#.#....(......ho...#
#.......§.......?..#
###....§...........#
#.............c...#
###zo.<..§§.........#
....#........c.....##


You could see a hungry ghost, a centaur (confused), 2 wights, an orc priest, an
orc wizard, 3 orcs and a jackal (confused).

Vanquished Creatures
  A hornet (D:7)
  A hippogriff (D:7)
  Sigmund (D:3)
  A sky beast (D:7)
  2 orc warriors
  2 phantoms
  2 centaurs
  3 ogres
  2 big kobolds
  3 bullfrogs (D:7)
  3 scorpions
  3 killer bees (D:7)
  5 crimson imps
  A bullfrog skeleton (D:6)
  An orc priest (D:6)
  3 hounds
  3 jellies
  3 orc wizards
  3 iguanas
  5 worker ants
  A worker ant zombie (D:7)
  13 adders
  3 gnolls (D:5)
  A shadow imp (D:6)
  An ooze (D:6)
  An adder skeleton (D:3)
  A worm (D:3)
  7 dart slugs
  6 leopard geckos
  16 orcs
  8 giant cockroaches
  7 goblins
  2 hobgoblins (D:1)
  10 jackals
  4 quokkas
  6 bats
  3 frilled lizards
  20 kobolds
  A leopard gecko skeleton (D:6)
  A leopard gecko zombie (D:6)
  3 quokka skeletons
  9 rats
172 creatures vanquished.

Vanquished Creatures (collateral kills)
  A scorpion (D:4)
1 creature vanquished.

Vanquished Creatures (others)
  A killer bee (D:7)
1 creature vanquished.

Grand Total: 174 creatures vanquished

Notes
Turn   | Place    | Note
-------+----------+-------------------------------------------
     0 | D:1      | hawla the Draconian Wizard began the quest for the Orb.
     0 | D:1      | Reached XP level 1. HP: 14/14 MP: 4/4
   583 | D:1      | Reached XP level 2. HP: 20/20 MP: 3/6
   587 | D:1      | Learned a level 2 spell: Blink
  1396 | D:1      | Reached skill level 2 in Conjurations
  1765 | D:2      | Reached XP level 3. HP: 26/26 MP: 6/8
  1997 | D:2      | Found a sacrificial altar of Ru.
  2325 | D:2      | Found an opulent altar of Gozag.
  2635 | D:2      | Reached XP level 4. HP: 28/33 MP: 2/10
  2640 | D:2      | Learned a level 3 spell: Mephitic Cloud
  2644 | D:2      | Learned a level 3 spell: Conjure Flame
  3214 | D:3      | Noticed Sigmund
  3487 | D:3      | Reached skill level 1 in Air Magic
  3487 | D:3      | Reached skill level 1 in Poison Magic
  3580 | D:3      | Found a sparkling altar of Nemelex Xobeh.
  3603 | D:3      | Found a shattered altar of Ashenzari.
  3625 | D:3      | Became a worshipper of Ashenzari the Shackled
  3676 | D:3      | Found Zin's Purification Station.
  3687 | D:3      | Found a glowing silver altar of Zin.
  4166 | D:3      | Found a blossoming altar of Fedhas.
  4760 | D:4      | Reached XP level 5. HP: 21/38 MP: 6/11
  5938 | D:4      | Found a hide-covered altar of Uskayaw.
  5970 | D:4      | Reached XP level 6. HP: 45/45 MP: 5/12
  7008 | D:5      | Entered Level 5 of the Dungeon
  7051 | D:5      | Reached * piety under Ashenzari
  7184 | D:5      | Noticed Prince Ribbit
  7398 | D:5      | Reached skill level 3 in Conjurations
  7530 | D:5      | Reached skill level 1 in Fire Magic
  7544 | D:5      | Gained mutation: You are clumsy. (Dex -2) [potion of
                  | mutation]
  7544 | D:5      | Gained mutation: You are dopey. (Int -2) [potion of
                  | mutation]
  7544 | D:5      | Gained mutation: You have very sharp teeth. [potion of
                  | mutation]
  7544 | D:5      | Gained mutation: You have a pair of small horns on your
                  | head. [potion of mutation]
  7566 | D:5      | Reached skill level 5 in Spellcasting
  7566 | D:5      | Your scales start taking on a rich purple colour.
  7566 | D:5      | Reached XP level 7. HP: 50/50 MP: 4/16
  7724 | D:5      | Found Exzism's Distillery.
  7739 | D:5      | Bought a potion of degeneration for 15 gold pieces
  7745 | D:5      | Lost mutation: You are dopey. (Int -2) [potion of mutation]
  7745 | D:5      | Lost mutation: You have a pair of small horns on your head.
                  | [potion of mutation]
  7745 | D:5      | Lost mutation: You are clumsy. (Dex -2) [potion of
                  | mutation]
  7745 | D:5      | Gained mutation: You tend to lose your temper in combat.
                  | [potion of mutation]
  7745 | D:5      | Gained mutation: Your muscles are strong. (Str +2) [potion
                  | of mutation]
  7745 | D:5      | Gained mutation: Potions are less effective at restoring
                  | your health. [potion of mutation]
  7745 | D:5      | Gained mutation: You have a pair of small antennae on your
                  | head. [potion of mutation]
  7746 | D:5      | Lost mutation: Potions are less effective at restoring your
                  | health. [potion of mutation]
  7746 | D:5      | Lost mutation: Your muscles are strong. (Str +2) [potion of
                  | mutation]
  7746 | D:5      | Lost mutation: You have a pair of small antennae on your
                  | head. [potion of mutation]
  7746 | D:5      | Gained mutation: Your system is resistant to poisons.
                  | (rPois) [potion of mutation]
  7746 | D:5      | Gained mutation: You are agile. (Dex +2) [potion of
                  | mutation]
  7746 | D:5      | Gained mutation: Your muscles are strong. (Str +2) [potion
                  | of mutation]
  7811 | D:5      | Found Xycuq's Gadget Emporium.
  8329 | D:5      | Reached skill level 4 in Conjurations
  9246 | D:6      | Found a basalt altar of Yredelemnul.
  9290 | D:6      | Found a stormy altar of Qazlal.
  9291 | D:6      | Noticed a water elemental
  9293 | D:6      | Noticed a fire elemental
  9293 | D:6      | Noticed an air elemental
  9325 | D:6      | Reached skill level 5 in Conjurations
  9335 | D:6      | Reached XP level 8. HP: 33/57 MP: 0/17
  9380 | D:6      | Found a shimmering blue altar of Sif Muna.
  9721 | D:6      | Reached skill level 6 in Conjurations
  9851 | D:6      | Found a shadowy altar of Dithmenos.
 10801 | D:7      | Found a radiant altar of Vehumet.
 10820 | D:7      | Found a staircase to the Ecumenical Temple.
 10830 | Temple   | Entered the Ecumenical Temple
 11327 | D:7      | Reached skill level 7 in Conjurations
 11640 | D:7      | Found a glowing golden altar of the Shining One.
 11788 | D:7      | Noticed a hornet
 11826 | D:7      | Paralysed by a hornet for 1 turns
 11832 | D:7      | Paralysed by a hornet for 2 turns
 12238 | D:3      | Killed Sigmund
 12990 | D:7      | Reached XP level 9. HP: 35/62 MP: 20/20
 13206 | D:7      | Reached skill level 8 in Conjurations
 14732 | D:7      | Reached skill level 9 in Conjurations
 15030 | D:8      | Noticed Harold
 15215 | D:8      | Mangled by Harold

Illustrated notes

Levels and vault maps discovered:
D:1:      scummos_arrival_simple_fountains, layout_loops_cross,
          minmay_stone_trees_medium
D:2:      layout_loops_ring, nicolae_ru_awakened_eye,
          nicolae_gozag_cash_rules_everything_around_me,
          chequers_decorated_corner
D:3:      layout_basic, fedhas_altar_4, zin_purify,
          nicolae_overflow_crystal_walls, nemelex_xobeh_ov_fountains_minmay,
          first_ration, minmay_door_square, minmay_statues_item,
          grunt_ministairs_6, hangedman_decor_growths, hangedman_glass_teeth,
          uniq_sigmund
D:4:      layout_cave_pods, eat_drink_and_be_merry_uskayaw,
          chequers_serial_rivers_micro_d
D:5:      layout_rooms, serial_co_window_serial, co_window_corner_a,
          co_window_paths_a, co_window_paths_a, co_window_cross_1,
          co_window_paths_b, co_window_paths_a, co_window_corner_a,
          co_window_cross_1, co_window_corner_a, co_window_broadway_b,
          co_window_corner_cb, co_window_corner_b, co_window_broadway_b,
          co_window_unsneaky_path_e, co_window_broadway_b, glass_columns_a,
          glass_columns_a, glass_columns_a, glass_columns_a, serial_shops, shop,
          nicolae_shop_statue_plus, uniq_prince_ribbit1
D:6:      layout_basic, overflow_temple_1_default,
          grunt_dithmenos_smoke_and_mirrors, lemuel_doored_altar,
          nicolae_qazlal_style_of_elements
D:7:      layout_cave_pods, old_standard_altar, lemuel_coloured_pillars_altar,
          minmay_temple_entry_stoned_glass, nicolae_ossuary_entry_ruins,
          kennysheep_potato
D:8:      layout_rooms, slow_altar_1, uniq_harold
Temple:   compressed_dpeg_triangle_lava_temple

Skill      XL: |  1  2  3  4  5  6  7  8  9 |
---------------+----------------------------+-----
Conjurations   | 2 3 5 7 9 |  9.4
Spellcasting   | 4 6 7 8 |  8.7
Air Magic      | 1 2 3 |  3.0
Poison Magic   | 1 2 3 |  3.0
Fire Magic     | 1 3 |  3.8
Dodging        | |  1.7
Stealth        | |  1.7
Summonings     | |  1.0
Translocations | |  1.0

Action                   |  1- 3 |  4- 6 |  7- 9 || total
-------------------------+-------+-------+-------++-------
Melee: Whip              |    19 |       |       ||    19
       Short sword       |    50 |   173 |   256 ||   479
       Tailslap          |     2 |    10 |    38 ||    50
       Bite              |       |       |    32 ||    32
       Dagger            |       |       |    87 ||    87
Throw: Boomerang         |       |       |     6 ||     6
 Cast: Magic Dart        |    96 |   134 |   199 ||   429
       Blink             |     6 |     8 |    35 ||    49
       Conjure Flame     |       |    16 |    21 ||    37
       Mephitic Cloud    |       |    11 |    40 ||    51
Invok: Curse Item        |       |       |     3 ||     3
 Abil: Breathe Dispellin |       |       |     1 ||     1
Evoke: Wand              |       |     2 |     2 ||     4
  Use: Scroll            |       |     7 |     7 ||    14
       Potion            |       |     5 |     3 ||     8
 Stab: Confused          |       |       |    14 ||    14
  Eat: Chunk             |     5 |    14 |     5 ||    24
       Ration            |       |     1 |     6 ||     7
Armor: Skin              |    49 |    63 |   127 ||   239
Dodge: Dodged            |   125 |    97 |   282 ||   504
